Kings vs Jets
Created - January 15, 2023 at 19:50
Goals
|
| Kings |
1 |
0 |
1 |
2 |
| Jets |
0 |
1 |
0 |
1 |
|
Shots
|
| Kings |
14 |
8 |
9 |
31 |
| Jets |
5 |
12 |
13 |
30 |
|
1st period
1. Kings , Ilya Kovalchuk 11 (Morgan Rielly 1, Benoit Pouliot 9) at 5:35
Penalties :
Artemi Panarin (L.A) for Roughing (Minor) at 0:47, Jussi Jokinen (Win) for Boarding (Minor) at 9:59
2nd period
2. Jets , Tyler Seguin 10 (Troy Stetcher 5, Nick Bjugstad 8) at 18:41 (PP)
Penalties :
Dougie Hamilton (Win) for High sticking (Minor) at 0:03, Brendan Gallagher (L.A) for Hooking (Minor) at 4:37, Anthony Mantha (Win) for Hooking (Minor) at 12:41, Brendan Gallagher (L.A) for Hooking (Minor) at 17:12
3rd period
3. Kings , Rasmus Ristolainen 9 (Ilya Kovalchuk 8) at 10:08
Penalties :
Brent Burns (Win) for Goalie Interference (Minor) at 2:14, Alexander Kerfoot (L.A) for Hooking (Minor) at 10:11
Goalie Stats
Petr Mrazek (L.A), 29 saves from 30 shots - (0.967), W, 13-8-0, 60:00 minutes
Jacob Markstrom (Win), 29 saves from 31 shots - (0.935), L, 13-10-1, 59:20 minutes
Players Stats for Kings
Player Name G A P +/- PIM S H SB GA TA FO MP PP MP PK MP
------------------------------------------------------------------------------------
Aaron Ekblad 0 0 0 0 0 1 0 1 0 1 0/0 17:02 0:00 4:27
Alexander Kerfoot 0 0 0 0 2 3 0 1 0 0 9/17 15:29 4:26 0:00
Artemi Panarin 0 0 0 0 2 1 2 0 1 0 0/0 17:09 4:38 1:04
Auston Matthews 0 0 0 2 0 1 4 0 0 0 4/8 18:53 4:26 0:04
Benoit Pouliot 0 1 1 2 0 3 1 0 0 0 0/0 13:57 0:05 0:34
Brendan Gallagher 0 0 0 0 4 1 1 1 0 0 0/1 14:18 3:25 0:00
Darnell Nurse 0 0 0 0 0 1 0 1 1 0 0/0 24:04 3:18 4:39
Erik Haula 0 0 0 0 0 4 3 1 1 1 12/23 20:15 3:25 4:27
Ilya Kovalchuk 1 1 2 2 0 3 3 1 0 0 0/0 22:18 3:23 3:47
J.T. Brown 0 0 0 0 0 1 1 0 0 0 0/0 7:57 0:00 0:00
Jeremy Morin 0 0 0 0 0 0 1 0 1 0 0/0 11:43 0:05 2:25
JT Compher 0 0 0 0 0 1 0 1 0 0 1/2 16:16 4:26 0:00
Mark Fistric 0 0 0 1 0 3 0 1 0 0 0/0 15:54 0:00 2:47
Morgan Rielly 0 1 1 1 0 0 0 0 0 0 0/0 11:06 0:41 0:00
Nick Ritchie 0 0 0 0 0 1 1 1 0 0 1/2 14:33 3:25 0:00
Ole-Kristian Tollefsen 0 0 0 1 0 0 1 1 0 1 0/0 18:53 0:00 2:47
Peter Regin 0 0 0 0 0 1 0 0 0 0 0/5 10:28 0:00 2:31
Rasmus Ristolainen 1 0 1 1 0 6 0 1 0 0 0/0 22:15 3:57 0:12
Players Stats for Jets
Player Name G A P +/- PIM S H SB GA TA FO MP PP MP PK MP
------------------------------------------------------------------------------------
Adam Larsson 0 0 0 -1 0 0 1 1 0 0 0/0 15:39 0:00 3:36
Alex Galchenyuk 0 0 0 -1 0 1 3 0 1 0 0/0 18:34 3:18 1:28
Alexander Wennberg 0 0 0 0 0 1 1 0 0 0 1/3 10:09 0:00 0:30
Anthony Mantha 0 0 0 0 2 2 1 0 0 0 0/0 14:07 0:00 3:37
Brent Burns 0 0 0 -1 2 1 1 1 0 0 0/0 18:34 2:41 1:20
Dougie Hamilton 0 0 0 0 2 3 5 1 1 0 0/0 26:41 4:45 2:48
Frank Vatrano 0 0 0 -1 0 0 2 1 0 0 0/0 9:16 0:00 2:28
Jussi Jokinen 0 0 0 0 2 2 0 0 0 1 0/0 10:31 0:00 0:01
Marco Scandella 0 0 0 -1 0 0 3 0 0 1 0/0 15:21 0:00 4:20
Max Domi 0 0 0 0 0 4 2 1 1 0 1/1 17:39 4:08 0:00
Nick Bjugstad 0 1 1 0 0 3 1 0 0 0 0/3 19:10 4:08 1:25
Noel Acciari 0 0 0 -1 0 0 0 0 0 0 1/2 6:48 0:00 0:00
Ryan Johansen 0 0 0 -1 0 2 2 3 0 1 17/26 22:29 3:18 4:37
Ryan Murray 0 0 0 0 0 1 3 4 0 0 0/0 24:41 2:41 3:48
Sam Reinhart 0 0 0 -1 0 1 0 0 0 1 0/0 6:48 0:00 0:00
Troy Stetcher 0 1 1 -1 0 3 1 1 0 0 0/0 19:08 4:45 0:00
Tyler Seguin 1 0 1 0 0 5 1 0 0 0 11/23 17:39 4:08 0:00
Tyler Toffoli 0 0 0 -1 0 1 2 0 0 0 0/0 18:46 3:18 1:46
3 Stars
1 - Ilya Kovalchuk (L.A)
2 - Petr Mrazek (L.A)
3 - Rasmus Ristolainen (L.A)
Power Play
Kings - 0 on 4 Attempt(s) - 0.00%
Jets - 1 on 4 Attempt(s) - 25.00%
Penalty Kill
Kings - 3 on 4 Attempt(s) - 75.00%
- Score 0 goal in Penalty Kill
Jets - 4 on 4 Attempt(s) - 100.00%
- Score 0 goal in Penalty Kill
Team Stat
Kings - Hits : 18 - Faceoff Wins : 27 - Blocked Shots : 11 - Penalty Minutes : 8
Jets - Hits : 29 - Faceoff Wins : 31 - Blocked Shots : 13 - Penalty Minutes : 8
Official
Referees : Mitch Dunning and Eric Furlatt
Linesman : Andrew Smith and Kiel Murchison
Game Notes
No Game Note
Finance
Level 1 -- Attendance: 5567 (92.78%) -- Ticket Income $556,700
Level 2 -- Attendance: 4470 (89.40%) -- Ticket Income $268,200
Level 3 -- Attendance: 1946 (97.30%) -- Ticket Income $68,110
Level 4 -- Attendance: 4000 (100.00%) -- Ticket Income $100,000
Luxury Box -- Attendance: 1000 (100.00%) -- Ticket Income $200,000
Game was played at the Bell MTS Place.
Total Attendance: 16983 (94.35%)
Total Ticket Income: $1,193,010
Other Income: $178,952
Total Income: $1,371,962
Kings
5 vs 5 Forward
Center Left Wing Right Wing Time % Phy DF OF
1 Alexander Kerfoot Artemi Panarin Brendan Gallagher 30 1 2 2
2 Auston Matthews Benoit Pouliot Ilya Kovalchuk 30 1 2 2
3 Erik Haula Nick Ritchie JT Compher 30 1 2 2
4 Peter Regin Jeremy Morin J.T. Brown 10 1 2 2
5 vs 5 Defense
Defense Defense Time % Phy DF OF
1 Darnell Nurse Mark Fistric 40 1 3 1
2 Ole-Kristian Tollefsen Rasmus Ristolainen 40 1 3 1
3 Aaron Ekblad Morgan Rielly 15 1 3 1
4 Darnell Nurse Aaron Ekblad 5 1 3 1
PowerPlay Forward
Center Left Wing Right Wing Time % Phy DF OF
1 Alexander Kerfoot Auston Matthews JT Compher 55 0 1 4
2 Erik Haula Nick Ritchie Brendan Gallagher 45 0 1 4
PowerPlay Defense
Defense Defense Time % Phy DF OF
1 Artemi Panarin Rasmus Ristolainen 70 0 2 3
2 Darnell Nurse Ilya Kovalchuk 30 0 3 2
Penalty Kill 4 Players Forward
Center Wing Time % Phy DF OF
1 Erik Haula Ilya Kovalchuk 60 0 4 1
2 Jeremy Morin Peter Regin 40 0 4 1
Penalty Kill 4 Players Defense
Defense Defense Time % Phy DF OF
1 Darnell Nurse Aaron Ekblad 60 1 4 0
2 Mark Fistric Ole-Kristian Tollefsen 40 1 4 0
Penalty Kill - 3 Players Forward
Forward Time % Phy DF OF
1 Jeremy Morin 60 1 2 2
2 Erik Haula 40 1 2 2
Penalty Kill - 3 Players Defense
Defense Defense Time % Phy DF OF
1 Darnell Nurse Aaron Ekblad 60 1 2 2
2 Ole-Kristian Tollefsen Mark Fistric 40 1 2 2
4 vs 4 Forward
Center Wing Time % Phy DF OF
1 Auston Matthews Artemi Panarin 60 1 2 2
2 Erik Haula Brendan Gallagher 40 1 2 2
4 vs 4 Defense
Defense Defense Time % Phy DF OF
1 Darnell Nurse Mark Fistric 60 1 2 2
2 Ole-Kristian Tollefsen Rasmus Ristolainen 40 1 2 2
Last Minutes Offensive
Center Left Wing Right Wing Defense Defense
Alexander Kerfoot Artemi Panarin Brendan Gallagher Darnell Nurse Rasmus Ristolainen
Last Minutes Defensive
Center Left Wing Right Wing Defense Defense
Erik Haula Jeremy Morin Ilya Kovalchuk Darnell Nurse Aaron Ekblad
Goaltenders
Starting : Petr Mrazek
Backup : Thomas McCollum
Extra Forwards
Normal : JT Compher, Ilya Kovalchuk, Brendan Gallagher - PP : JT Compher, Benoit Pouliot - PK : Artemi Panarin
Extra Defensemen
Normal : Rasmus Ristolainen, Darnell Nurse, Ole-Kristian Tollefsen - PP : Morgan Rielly - PK : Rasmus Ristolainen, Morgan Rielly
Penalty Shots
Auston Matthews, Ilya Kovalchuk, Artemi Panarin, Jeremy Morin, Benoit Pouliot
Scratches
Jeff Schultz (Broken Right Thumb Injury), Mitch Marner (Sprained Right Finger Injury)
Jets
5 vs 5 Forward
Center Left Wing Right Wing Time % Phy DF OF
1 Ryan Johansen Alex Galchenyuk Tyler Toffoli 35 1 2 2
2 Tyler Seguin Max Domi Nick Bjugstad 35 1 2 2
3 Alexander Wennberg Jussi Jokinen Anthony Mantha 20 1 2 2
4 Noel Acciari Frank Vatrano Sam Reinhart 10 1 2 2
5 vs 5 Defense
Defense Defense Time % Phy DF OF
1 Ryan Murray Dougie Hamilton 40 1 2 2
2 Adam Larsson Marco Scandella 30 1 2 2
3 Brent Burns Troy Stetcher 30 1 2 2
4 Ryan Murray Adam Larsson 0 1 2 2
PowerPlay Forward
Center Left Wing Right Wing Time % Phy DF OF
1 Ryan Johansen Alex Galchenyuk Tyler Toffoli 55 1 0 4
2 Tyler Seguin Max Domi Nick Bjugstad 45 1 0 4
PowerPlay Defense
Defense Defense Time % Phy DF OF
1 Troy Stetcher Dougie Hamilton 60 0 1 4
2 Brent Burns Ryan Murray 40 0 1 4
Penalty Kill 4 Players Forward
Center Wing Time % Phy DF OF
1 Ryan Johansen Anthony Mantha 60 1 2 2
2 Tyler Toffoli Frank Vatrano 40 1 2 2
Penalty Kill 4 Players Defense
Defense Defense Time % Phy DF OF
1 Ryan Murray Marco Scandella 60 1 3 1
2 Dougie Hamilton Adam Larsson 40 1 3 1
Penalty Kill - 3 Players Forward
Forward Time % Phy DF OF
1 Ryan Johansen 60 0 4 1
2 Tyler Seguin 40 0 4 1
Penalty Kill - 3 Players Defense
Defense Defense Time % Phy DF OF
1 Ryan Murray Marco Scandella 60 1 4 0
2 Adam Larsson Dougie Hamilton 40 1 4 0
4 vs 4 Forward
Center Wing Time % Phy DF OF
1 Ryan Johansen Alex Galchenyuk 60 1 2 2
2 Tyler Seguin Max Domi 40 1 2 2
4 vs 4 Defense
Defense Defense Time % Phy DF OF
1 Adam Larsson Marco Scandella 60 1 2 2
2 Dougie Hamilton Ryan Murray 40 1 2 2
Last Minutes Offensive
Center Left Wing Right Wing Defense Defense
Ryan Johansen Alex Galchenyuk Tyler Toffoli Dougie Hamilton Marco Scandella
Last Minutes Defensive
Center Left Wing Right Wing Defense Defense
Ryan Johansen Frank Vatrano Tyler Toffoli Ryan Murray Marco Scandella
Goaltenders
Starting : Jacob Markstrom
Backup : Elvis Merzlikins
Extra Forwards
Normal : Nick Bjugstad, Max Domi, Anthony Mantha - PP : Nick Bjugstad, Alexander Wennberg - PK : Nick Bjugstad
Extra Defensemen
Normal : Dougie Hamilton, Adam Larsson, Marco Scandella - PP : Brent Burns - PK : Brent Burns, Marco Scandella
Penalty Shots
Ryan Johansen, Tyler Toffoli, Tyler Seguin, Jussi Jokinen, Nick Bjugstad
Scratches
None
% Time on Ice - Kings
Lines # - Real PCT - Wanted PCT - Time Play
Normal Forward
1 - 26% - 30% - 11:12
2 - 31% - 30% - 13:21
3 - 25% - 30% - 10:57
4 - 18% - 10% - 7:57
Normal Defense
1 - 38% - 40% - 16:26
2 - 39% - 40% - 16:48
3 - 20% - 15% - 8:36
4 - 4% - 5% - 1:37
PP Forward
1 - 57% - 55% - 4:31
2 - 43% - 45% - 3:25
PP Defense
1 - 58% - 70% - 4:38
2 - 42% - 30% - 3:18
PK Forward
1 - 67% - 60% - 5:01
2 - 33% - 40% - 2:25
PK Defense
1 - 63% - 60% - 4:39
2 - 37% - 40% - 2:47
PK3 Forward
1 - 0% - 60%
2 - 0% - 40%
PK3 Defense
1 - 0% - 60%
2 - 0% - 40%
44 Forward
1 - 0% - 60%
2 - 0% - 40%
44 Defense
1 - 0% - 60%
2 - 0% - 40%
Last Minute Offensive - 0:00
Last Minute Defensive - 1:11
Total
Forward - 60:00
Defense - 60:00
|
% Time on Ice - Jets
Lines # - Real PCT - Wanted PCT - Time Play
Normal Forward
1 - 32% - 35% - 13:53
2 - 31% - 35% - 13:31
3 - 21% - 20% - 9:16
4 - 16% - 10% - 6:48
Normal Defense
1 - 39% - 40% - 16:51
2 - 29% - 30% - 12:36
3 - 32% - 30% - 14:01
4 - 0% - 0% - 0:00
PP Forward
1 - 44% - 55% - 3:18
2 - 56% - 45% - 4:08
PP Defense
1 - 64% - 60% - 4:45
2 - 36% - 40% - 2:41
PK Forward
1 - 78% - 60% - 6:10
2 - 22% - 40% - 1:46
PK Defense
1 - 55% - 60% - 4:20
2 - 45% - 40% - 3:36
PK3 Forward
1 - 0% - 60%
2 - 0% - 40%
PK3 Defense
1 - 0% - 60%
2 - 0% - 40%
44 Forward
1 - 0% - 60%
2 - 0% - 40%
44 Defense
1 - 0% - 60%
2 - 0% - 40%
Last Minute Offensive - 1:10
Last Minute Defensive - 0:00
Total
Forward - 60:00
Defense - 60:00
|
Play-by-Play
1st period
0:01 of 1st period - Ryan Johansen wins face-off versus Alexander Kerfoot in neutral zone.
0:23 of 1st period - Icing by Darnell Nurse.
0:24 of 1st period - Tyler Seguin wins face-off versus Alexander Kerfoot in Kings zone.
0:37 of 1st period - Slapshot by Alexander Wennberg.
0:37 of 1st period - Shot Misses the Net.
0:39 of 1st period - Snap shot by Anthony Mantha.
0:39 of 1st period - Stopped by Petr Mrazek with a rebound.
0:41 of 1st period - Slapshot by Anthony Mantha.
0:41 of 1st period - Shot Misses the Net.
0:47 of 1st period - Minor Penalty to Artemi Panarin for Roughing.
0:48 of 1st period - Erik Haula wins face-off versus Ryan Johansen in Kings zone.
0:53 of 1st period - Dougie Hamilton is hit by Ilya Kovalchuk and loses puck.
1:00 of 1st period - Ilya Kovalchuk is hit by Dougie Hamilton and loses puck.
1:05 of 1st period - Wrist shot by Alex Galchenyuk.
1:05 of 1st period - Shot Misses the Net.
1:20 of 1st period - Aaron Ekblad is hit by Tyler Seguin and loses puck.
2:47 of 1st period - Penalty to Artemi Panarin is over, Artemi Panarin is back on ice.
3:04 of 1st period - Aaron Ekblad is hit by Frank Vatrano and loses puck.
4:14 of 1st period - Noel Acciari is hit by Ilya Kovalchuk.
5:18 of 1st period - Artemi Panarin is hit by Adam Larsson and loses puck.
5:31 of 1st period - Snap shot by Benoit Pouliot.
5:31 of 1st period - Stopped by Jacob Markstrom with a rebound.
5:33 of 1st period - Slapshot by Morgan Rielly.
5:33 of 1st period - Shot Misses the Net.
5:35 of 1st period - Snap shot by Ilya Kovalchuk.
5:35 of 1st period - Goal by Ilya Kovalchuk - Kings : 1 - Jets : 0.
5:36 of 1st period - Auston Matthews wins face-off versus Nick Bjugstad in neutral zone.
6:09 of 1st period - Slapshot by Alex Galchenyuk.
6:09 of 1st period - Shot Misses the Net.
6:29 of 1st period - Ryan Murray is hit by Erik Haula and loses puck.
6:38 of 1st period - Snap shot by Erik Haula.
6:38 of 1st period - Shot Blocked by Ryan Murray.
6:40 of 1st period - Slapshot by Erik Haula.
6:40 of 1st period - Stopped by Jacob Markstrom without a rebound.
6:41 of 1st period - Auston Matthews wins face-off versus Tyler Seguin in Jets zone.
7:28 of 1st period - Adam Larsson is hit by Jeremy Morin and loses puck.
7:39 of 1st period - Snap shot by Noel Acciari.
7:39 of 1st period - Shot Misses the Net.
7:41 of 1st period - Slapshot by Adam Larsson.
7:41 of 1st period - Shot Misses the Net.
8:09 of 1st period - Erik Haula is hit by Alex Galchenyuk and loses puck.
8:18 of 1st period - Slapshot by Alex Galchenyuk.
8:18 of 1st period - Deflect By Tyler Toffoli.
8:18 of 1st period - Stopped by Petr Mrazek without a rebound.
8:19 of 1st period - Ryan Johansen wins face-off versus Auston Matthews in Kings zone.
8:44 of 1st period - Darnell Nurse is hit by Dougie Hamilton and loses puck.
8:51 of 1st period - Wrist shot by Alexander Wennberg.
8:51 of 1st period - Shot Misses the Net.
8:53 of 1st period - Slapshot by Ryan Murray.
8:53 of 1st period - Deflect By Jussi Jokinen.
8:53 of 1st period - Stopped by Petr Mrazek with a rebound.
8:55 of 1st period - Slapshot by Dougie Hamilton.
8:55 of 1st period - Shot Misses the Net.
8:57 of 1st period - Backhand shot by Anthony Mantha.
8:57 of 1st period - Stopped by Petr Mrazek without a rebound.
8:58 of 1st period - Erik Haula wins face-off versus Tyler Seguin in Kings zone.
9:59 of 1st period - Minor Penalty to Jussi Jokinen for Boarding.
10:00 of 1st period - Ryan Johansen wins face-off versus Alexander Kerfoot in Jets zone.
10:23 of 1st period - Ryan Johansen is hit by Artemi Panarin and loses puck.
10:36 of 1st period - Snap shot by Alexander Kerfoot.
10:36 of 1st period - Stopped by Jacob Markstrom with a rebound.
10:38 of 1st period - Slapshot by Rasmus Ristolainen.
10:38 of 1st period - Deflect By Alexander Kerfoot.
10:38 of 1st period - Stopped by Jacob Markstrom with a rebound.
10:40 of 1st period - Slapshot by Artemi Panarin.
10:40 of 1st period - Shot Blocked by Adam Larsson.
10:42 of 1st period - Backhand shot by Auston Matthews.
10:42 of 1st period - Stopped by Jacob Markstrom without a rebound.
10:43 of 1st period - Erik Haula wins face-off versus Ryan Johansen in Jets zone.
10:48 of 1st period - Wrist shot by Erik Haula.
10:48 of 1st period - Stopped by Jacob Markstrom with a rebound.
10:50 of 1st period - Wrist shot by Erik Haula.
10:50 of 1st period - Shot Blocked by Ryan Johansen.
10:52 of 1st period - Wrist shot by Erik Haula.
10:52 of 1st period - Deflect By Brendan Gallagher.
10:52 of 1st period - Stopped by Jacob Markstrom without a rebound.
10:53 of 1st period - Ryan Johansen wins face-off versus Erik Haula in Jets zone.
11:25 of 1st period - Snap shot by Erik Haula.
11:25 of 1st period - Stopped by Jacob Markstrom without a rebound.
11:26 of 1st period - Ryan Johansen wins face-off versus Alexander Kerfoot in Jets zone.
11:34 of 1st period - Off-side.
11:35 of 1st period - JT Compher wins face-off versus Ryan Johansen in neutral zone.
11:59 of 1st period - Penalty to Jussi Jokinen is over, Jussi Jokinen is back on ice.
12:01 of 1st period - Slapshot by Rasmus Ristolainen.
12:01 of 1st period - Shot Blocked by Ryan Johansen.
12:03 of 1st period - Slapshot by Rasmus Ristolainen.
12:03 of 1st period - Stopped by Jacob Markstrom with a rebound.
12:05 of 1st period - Slapshot by Rasmus Ristolainen.
12:05 of 1st period - Shot Misses the Net.
12:09 of 1st period - Slapshot by Alexander Kerfoot.
12:09 of 1st period - Shot Misses the Net.
12:48 of 1st period - Wrist shot by Jussi Jokinen.
12:48 of 1st period - Shot Blocked by JT Compher.
12:55 of 1st period - Icing by Rasmus Ristolainen.
12:56 of 1st period - Alexander Kerfoot wins face-off versus Tyler Seguin in Kings zone.
13:01 of 1st period - Slapshot by Rasmus Ristolainen.
13:01 of 1st period - Shot Blocked by Troy Stetcher.
13:24 of 1st period - Snap shot by Rasmus Ristolainen.
13:24 of 1st period - Shot Blocked by Frank Vatrano.
13:30 of 1st period - Brent Burns is hit by Auston Matthews and loses puck.
14:20 of 1st period - Wrist shot by J.T. Brown.
14:20 of 1st period - Shot Misses the Net.
14:38 of 1st period - Slapshot by Benoit Pouliot.
14:38 of 1st period - Stopped by Jacob Markstrom with a rebound.
14:44 of 1st period - Snap shot by Benoit Pouliot.
14:44 of 1st period - Stopped by Jacob Markstrom without a rebound.
14:45 of 1st period - Tyler Seguin wins face-off versus Brendan Gallagher in Jets zone.
14:55 of 1st period - Ilya Kovalchuk is hit by Troy Stetcher and loses puck.
15:22 of 1st period - Wrist shot by Tyler Seguin.
15:22 of 1st period - Shot Blocked by Mark Fistric.
16:00 of 1st period - Slapshot by Nick Ritchie.
16:00 of 1st period - Stopped by Jacob Markstrom without a rebound.
16:01 of 1st period - Ryan Johansen wins face-off versus Peter Regin in Jets zone.
16:28 of 1st period - Anthony Mantha is hit by Benoit Pouliot and loses puck.
16:48 of 1st period - Off-side.
16:49 of 1st period - Erik Haula wins face-off versus Noel Acciari in neutral zone.
17:10 of 1st period - Wrist shot by Ryan Johansen.
17:10 of 1st period - Stopped by Petr Mrazek with a rebound.
17:25 of 1st period - Icing by Anthony Mantha.
17:26 of 1st period - Alexander Wennberg wins face-off versus Auston Matthews in Jets zone.
18:26 of 1st period - Snap shot by Alex Galchenyuk.
18:26 of 1st period - Shot Misses the Net.
19:21 of 1st period - Snap shot by Jussi Jokinen.
19:21 of 1st period - Shot Misses the Net.
19:37 of 1st period - Auston Matthews is hit by Anthony Mantha and loses puck.
19:54 of 1st period - Snap shot by Ilya Kovalchuk.
19:54 of 1st period - Stopped by Jacob Markstrom without a rebound.
19:55 of 1st period - Erik Haula wins face-off versus Tyler Seguin in Jets zone.
Goals for this period are 1 for Kings vs 0 for Jets.
Shots for this period are 14 for Kings vs 5 for Jets.
2nd period
0:01 of 2nd period - Tyler Seguin wins face-off versus Erik Haula in neutral zone.
0:03 of 2nd period - Minor Penalty to Dougie Hamilton for High sticking.
0:04 of 2nd period - Ryan Johansen wins face-off versus Alexander Kerfoot in Jets zone.
0:27 of 2nd period - Anthony Mantha is hit by Auston Matthews.
0:45 of 2nd period - Slapshot by Rasmus Ristolainen.
0:45 of 2nd period - Stopped by Jacob Markstrom with a rebound.
0:47 of 2nd period - Wrist shot by Erik Haula.
0:47 of 2nd period - Shot Misses the Net.
1:21 of 2nd period - Darnell Nurse is hit by Ryan Murray and loses puck.
2:03 of 2nd period - Penalty to Dougie Hamilton is over, Dougie Hamilton is back on ice.
2:16 of 2nd period - Slapshot by Tyler Seguin.
2:16 of 2nd period - Deflect By Nick Bjugstad.
2:16 of 2nd period - Shot Blocked by Ilya Kovalchuk.
2:16 of 2nd period - Puck is out of play.
2:17 of 2nd period - Tyler Seguin wins face-off versus Peter Regin in Kings zone.
2:40 of 2nd period - Wrist shot by Alex Galchenyuk.
2:40 of 2nd period - Shot Blocked by Aaron Ekblad.
3:20 of 2nd period - Snap shot by J.T. Brown.
3:20 of 2nd period - Stopped by Jacob Markstrom with a rebound.
3:28 of 2nd period - Wrist shot by Sam Reinhart.
3:28 of 2nd period - Shot Misses the Net.
3:37 of 2nd period - Icing by Aaron Ekblad.
3:38 of 2nd period - Erik Haula wins face-off versus Tyler Seguin in Kings zone.
3:51 of 2nd period - Snap shot by Max Domi.
3:51 of 2nd period - Shot Misses the Net.
3:53 of 2nd period - Snap shot by Tyler Seguin.
3:53 of 2nd period - Stopped by Petr Mrazek without a rebound.
3:54 of 2nd period - Ryan Johansen wins face-off versus Alexander Kerfoot in Kings zone.
3:57 of 2nd period - Wrist shot by Alex Galchenyuk.
3:57 of 2nd period - Deflect By Ryan Johansen.
3:57 of 2nd period - Shot Blocked by Brendan Gallagher.
3:57 of 2nd period - Puck is out of play.
3:58 of 2nd period - Alexander Kerfoot wins face-off versus Ryan Johansen in Kings zone.
4:27 of 2nd period - Slapshot by Ryan Murray.
4:27 of 2nd period - Stopped by Petr Mrazek with a rebound.
4:29 of 2nd period - Wrist shot by Tyler Seguin.
4:29 of 2nd period - Shot Misses the Net.
4:31 of 2nd period - Snap shot by Ryan Murray.
4:31 of 2nd period - Shot Misses the Net.
4:33 of 2nd period - Slapshot by Tyler Seguin.
4:33 of 2nd period - Stopped by Petr Mrazek without a rebound.
4:34 of 2nd period - Tyler Seguin wins face-off versus Alexander Kerfoot in Kings zone.
4:35 of 2nd period - Slapshot by Nick Bjugstad.
4:35 of 2nd period - Stopped by Petr Mrazek with a rebound.
4:37 of 2nd period - Minor Penalty to Brendan Gallagher for Hooking.
4:38 of 2nd period - Ryan Johansen wins face-off versus Erik Haula in Kings zone.
5:14 of 2nd period - Off-side.
5:15 of 2nd period - Max Domi wins face-off versus Peter Regin in neutral zone.
5:39 of 2nd period - Slapshot by Ryan Johansen.
5:39 of 2nd period - Shot Blocked by Darnell Nurse.
6:25 of 2nd period - Benoit Pouliot is hit by Brent Burns and loses puck.
6:37 of 2nd period - Penalty to Brendan Gallagher is over, Brendan Gallagher is back on ice.
6:44 of 2nd period - Wrist shot by Rasmus Ristolainen.
6:44 of 2nd period - Stopped by Jacob Markstrom with a rebound.
6:46 of 2nd period - Snap shot by J.T. Brown.
6:46 of 2nd period - Shot Misses the Net.
6:48 of 2nd period - Slapshot by Ole-Kristian Tollefsen.
6:48 of 2nd period - Shot Blocked by Ryan Murray.
6:50 of 2nd period - Slapshot by Aaron Ekblad.
6:50 of 2nd period - Stopped by Jacob Markstrom without a rebound.
6:51 of 2nd period - Alexander Kerfoot wins face-off versus Alexander Wennberg in Jets zone.
7:02 of 2nd period - Wrist shot by Jussi Jokinen.
7:02 of 2nd period - Stopped by Petr Mrazek with a rebound.
7:10 of 2nd period - Snap shot by Anthony Mantha.
7:10 of 2nd period - Shot Blocked by Alexander Kerfoot.
7:37 of 2nd period - Wrist shot by Alexander Wennberg.
7:37 of 2nd period - Stopped by Petr Mrazek without a rebound.
7:38 of 2nd period - Ryan Johansen wins face-off versus Erik Haula in Kings zone.
7:39 of 2nd period - Snap shot by Alex Galchenyuk.
7:39 of 2nd period - Shot Misses the Net.
8:07 of 2nd period - Off-side.
8:08 of 2nd period - Tyler Seguin wins face-off versus Auston Matthews in neutral zone.
8:17 of 2nd period - Wrist shot by Max Domi.
8:17 of 2nd period - Deflect By Ilya Kovalchuk.
8:17 of 2nd period - Stopped by Petr Mrazek without a rebound.
8:18 of 2nd period - Nick Ritchie wins face-off versus Ryan Johansen in Kings zone.
8:29 of 2nd period - Wrist shot by Erik Haula.
8:29 of 2nd period - Stopped by Jacob Markstrom without a rebound.
8:30 of 2nd period - Erik Haula wins face-off versus Nick Bjugstad in Jets zone.
8:31 of 2nd period - Backhand shot by Rasmus Ristolainen.
8:31 of 2nd period - Deflect By Max Domi.
8:31 of 2nd period - Stopped by Jacob Markstrom without a rebound.
8:32 of 2nd period - Tyler Seguin wins face-off versus Nick Ritchie in Jets zone.
9:55 of 2nd period - J.T. Brown is hit by Marco Scandella.
10:05 of 2nd period - Aaron Ekblad is hit by Max Domi and loses puck.
10:12 of 2nd period - Snap shot by Max Domi.
10:12 of 2nd period - Stopped by Petr Mrazek with a rebound.
10:14 of 2nd period - Snap shot by Nick Bjugstad.
10:14 of 2nd period - Deflect By Max Domi.
10:14 of 2nd period - Shot Misses the Net.
10:14 of 2nd period - Puck is out of play.
10:15 of 2nd period - Auston Matthews wins face-off versus Tyler Seguin in Kings zone.
10:43 of 2nd period - Nick Ritchie is hit by Tyler Toffoli.
12:13 of 2nd period - Nick Ritchie is hit by Alex Galchenyuk and loses puck.
12:41 of 2nd period - Minor Penalty to Anthony Mantha for Hooking.
12:42 of 2nd period - Alexander Kerfoot wins face-off versus Ryan Johansen in Jets zone.
12:57 of 2nd period - Darnell Nurse is hit by Ryan Murray and loses puck.
13:12 of 2nd period - Alex Galchenyuk is hit by Erik Haula.
13:22 of 2nd period - Alex Galchenyuk is hit by Brendan Gallagher.
14:41 of 2nd period - Penalty to Anthony Mantha is over, Anthony Mantha is back on ice.
14:58 of 2nd period - Wrist shot by Darnell Nurse.
14:58 of 2nd period - Stopped by Jacob Markstrom without a rebound.
14:59 of 2nd period - Tyler Seguin wins face-off versus Peter Regin in Jets zone.
15:54 of 2nd period - Wrist shot by Sam Reinhart.
15:54 of 2nd period - Stopped by Petr Mrazek with a rebound.
17:12 of 2nd period - Minor Penalty to Brendan Gallagher for Hooking.
17:13 of 2nd period - Erik Haula wins face-off versus Ryan Johansen in Kings zone.
17:23 of 2nd period - Snap shot by Erik Haula.
17:23 of 2nd period - Shot Blocked by Ryan Johansen.
17:29 of 2nd period - Erik Haula is hit by Alex Galchenyuk and loses puck.
17:46 of 2nd period - Ole-Kristian Tollefsen is hit by Max Domi.
18:07 of 2nd period - Snap shot by Jeremy Morin.
18:07 of 2nd period - Shot Hit the Post.
18:33 of 2nd period - Slapshot by Troy Stetcher.
18:33 of 2nd period - Stopped by Petr Mrazek with a rebound.
18:39 of 2nd period - Slapshot by Nick Bjugstad.
18:39 of 2nd period - Shot Misses the Net.
18:41 of 2nd period - Wrist shot by Troy Stetcher.
18:41 of 2nd period - Deflect By Tyler Seguin.
18:41 of 2nd period - Goal by Tyler Seguin - Kings : 1 - Jets : 1.
18:42 of 2nd period - Ryan Johansen wins face-off versus Alexander Kerfoot in neutral zone.
18:44 of 2nd period - Off-side.
18:45 of 2nd period - Alexander Kerfoot wins face-off versus Ryan Johansen in neutral zone.
18:48 of 2nd period - Adam Larsson is hit by Artemi Panarin and loses puck.
18:57 of 2nd period - Wrist shot by Ryan Johansen.
18:57 of 2nd period - Shot Misses the Net.
18:59 of 2nd period - Snap shot by Tyler Toffoli.
18:59 of 2nd period - Shot Blocked by Ole-Kristian Tollefsen.
19:01 of 2nd period - Wrist shot by Ryan Johansen.
19:01 of 2nd period - Stopped by Petr Mrazek with a rebound.
19:19 of 2nd period - Snap shot by Ilya Kovalchuk.
19:19 of 2nd period - Shot Misses the Net.
19:39 of 2nd period - Wrist shot by JT Compher.
19:39 of 2nd period - Shot Misses the Net.
19:41 of 2nd period - Slapshot by Ole-Kristian Tollefsen.
19:41 of 2nd period - Shot Blocked by Ryan Murray.
19:43 of 2nd period - Slapshot by Rasmus Ristolainen.
19:43 of 2nd period - Stopped by Jacob Markstrom without a rebound.
19:44 of 2nd period - Alexander Kerfoot wins face-off versus Nick Bjugstad in Jets zone.
Goals for this period are 0 for Kings vs 1 for Jets.
Shots for this period are 8 for Kings vs 12 for Jets.
3rd period
0:01 of 3rd period - Erik Haula wins face-off versus Tyler Seguin in neutral zone.
0:10 of 3rd period - Mark Fistric is hit by Dougie Hamilton and loses puck.
0:37 of 3rd period - Dougie Hamilton is hit by Auston Matthews and loses puck.
0:52 of 3rd period - Backhand shot by Mark Fistric.
0:52 of 3rd period - Shot Blocked by Brent Burns.
0:54 of 3rd period - Slapshot by Alexander Kerfoot.
0:54 of 3rd period - Stopped by Jacob Markstrom with a rebound.
0:56 of 3rd period - Slapshot by Mark Fistric.
0:56 of 3rd period - Stopped by Jacob Markstrom with a rebound.
0:58 of 3rd period - Snap shot by Mark Fistric.
0:58 of 3rd period - Stopped by Jacob Markstrom without a rebound.
0:59 of 3rd period - Alexander Kerfoot wins face-off versus Tyler Seguin in Jets zone.
1:00 of 3rd period - Slapshot by Brendan Gallagher.
1:00 of 3rd period - Shot Misses the Net.
1:14 of 3rd period - Snap shot by Nick Bjugstad.
1:14 of 3rd period - Stopped by Petr Mrazek without a rebound.
1:15 of 3rd period - Ryan Johansen wins face-off versus Erik Haula in Kings zone.
1:22 of 3rd period - Slapshot by Dougie Hamilton.
1:22 of 3rd period - Shot Misses the Net.
1:24 of 3rd period - Slapshot by Dougie Hamilton.
1:24 of 3rd period - Stopped by Petr Mrazek with a rebound.
1:26 of 3rd period - Snap shot by Dougie Hamilton.
1:26 of 3rd period - Stopped by Petr Mrazek with a rebound.
1:28 of 3rd period - Slapshot by Ryan Murray.
1:28 of 3rd period - Shot Misses the Net.
1:30 of 3rd period - Wrist shot by Ryan Johansen.
1:30 of 3rd period - Shot Blocked by Erik Haula.
1:32 of 3rd period - Slapshot by Ryan Murray.
1:32 of 3rd period - Shot Blocked by Rasmus Ristolainen.
1:47 of 3rd period - Wrist shot by Max Domi.
1:47 of 3rd period - Stopped by Petr Mrazek with a rebound.
1:49 of 3rd period - Slapshot by Dougie Hamilton.
1:49 of 3rd period - Stopped by Petr Mrazek without a rebound.
1:50 of 3rd period - Auston Matthews wins face-off versus Tyler Seguin in Kings zone.
1:55 of 3rd period - Backhand shot by Darnell Nurse.
1:55 of 3rd period - Shot Blocked by Max Domi.
2:14 of 3rd period - Minor Penalty to Brent Burns for Goalie Interference.
2:15 of 3rd period - Ryan Johansen wins face-off versus JT Compher in Jets zone.
2:40 of 3rd period - Brendan Gallagher is hit by Marco Scandella and loses puck.
3:37 of 3rd period - Auston Matthews is hit by Ryan Murray and loses puck.
4:14 of 3rd period - Penalty to Brent Burns is over, Brent Burns is back on ice.
4:41 of 3rd period - Off-side.
4:42 of 3rd period - Tyler Seguin wins face-off versus Peter Regin in neutral zone.
4:53 of 3rd period - Slapshot by Max Domi.
4:53 of 3rd period - Stopped by Petr Mrazek with a rebound.
5:22 of 3rd period - Snap shot by Alex Galchenyuk.
5:22 of 3rd period - Shot Blocked by Nick Ritchie.
6:04 of 3rd period - Snap shot by Jeremy Morin.
6:04 of 3rd period - Deflect By Frank Vatrano.
6:04 of 3rd period - Shot Misses the Net.
6:04 of 3rd period - Puck is out of play.
6:05 of 3rd period - Alexander Kerfoot wins face-off versus Tyler Seguin in Jets zone.
6:14 of 3rd period - Snap shot by Artemi Panarin.
6:14 of 3rd period - Stopped by Jacob Markstrom with a rebound.
6:18 of 3rd period - Wrist shot by Alexander Kerfoot.
6:18 of 3rd period - Shot Misses the Net.
6:20 of 3rd period - Slapshot by Mark Fistric.
6:20 of 3rd period - Stopped by Jacob Markstrom without a rebound.
6:21 of 3rd period - Ryan Johansen wins face-off versus Erik Haula in Jets zone.
6:33 of 3rd period - Off-side.
6:34 of 3rd period - Erik Haula wins face-off versus Ryan Johansen in neutral zone.
6:50 of 3rd period - Slapshot by JT Compher.
6:50 of 3rd period - Stopped by Jacob Markstrom with a rebound.
7:08 of 3rd period - Slapshot by Ilya Kovalchuk.
7:08 of 3rd period - Stopped by Jacob Markstrom with a rebound.
7:42 of 3rd period - J.T. Brown is hit by Frank Vatrano and loses puck.
7:51 of 3rd period - Adam Larsson is hit by J.T. Brown and loses puck.
7:57 of 3rd period - Icing by Noel Acciari.
7:58 of 3rd period - Noel Acciari wins face-off versus Erik Haula in Jets zone.
8:26 of 3rd period - Off-side.
8:27 of 3rd period - Ryan Johansen wins face-off versus Auston Matthews in neutral zone.
9:20 of 3rd period - Ole-Kristian Tollefsen is hit by Ryan Johansen.
9:36 of 3rd period - Wrist shot by Ryan Johansen.
9:36 of 3rd period - Shot Misses the Net.
10:08 of 3rd period - Slapshot by Rasmus Ristolainen.
10:08 of 3rd period - Goal by Rasmus Ristolainen - Kings : 2 - Jets : 1.
10:09 of 3rd period - Alexander Kerfoot wins face-off versus Tyler Seguin in neutral zone.
10:11 of 3rd period - Minor Penalty to Alexander Kerfoot for Hooking.
10:12 of 3rd period - Erik Haula wins face-off versus Tyler Seguin in Kings zone.
10:23 of 3rd period - Snap shot by Nick Bjugstad.
10:23 of 3rd period - Stopped by Petr Mrazek without a rebound.
10:24 of 3rd period - Tyler Seguin wins face-off versus Erik Haula in Kings zone.
10:29 of 3rd period - Wrist shot by Max Domi.
10:29 of 3rd period - Deflect By Tyler Seguin.
10:29 of 3rd period - Stopped by Petr Mrazek without a rebound.
10:30 of 3rd period - Tyler Seguin wins face-off versus Erik Haula in Kings zone.
11:29 of 3rd period - Icing by Ryan Johansen.
11:30 of 3rd period - Ryan Johansen wins face-off versus Erik Haula in Jets zone.
11:30 of 3rd period - Ryan Johansen is hit by Erik Haula.
12:11 of 3rd period - Penalty to Alexander Kerfoot is over, Alexander Kerfoot is back on ice.
12:23 of 3rd period - Jussi Jokinen is hit by Ilya Kovalchuk and loses puck.
12:31 of 3rd period - Aaron Ekblad is hit by Alexander Wennberg and loses puck.
12:58 of 3rd period - Alexander Kerfoot is hit by Marco Scandella and loses puck.
13:15 of 3rd period - Slapshot by Aaron Ekblad.
13:15 of 3rd period - Shot Blocked by Dougie Hamilton.
13:17 of 3rd period - Slapshot by Peter Regin.
13:17 of 3rd period - Stopped by Jacob Markstrom with a rebound.
13:39 of 3rd period - Erik Haula is hit by Dougie Hamilton and loses puck.
13:52 of 3rd period - Alexander Wennberg is hit by Ole-Kristian Tollefsen and loses puck.
14:03 of 3rd period - Snap shot by Anthony Mantha.
14:03 of 3rd period - Shot Misses the Net.
14:47 of 3rd period - Brendan Gallagher is hit by Ryan Johansen.
15:27 of 3rd period - Mark Fistric is hit by Nick Bjugstad and loses puck.
16:20 of 3rd period - Wrist shot by Tyler Seguin.
16:20 of 3rd period - Stopped by Petr Mrazek with a rebound.
16:22 of 3rd period - Wrist shot by Troy Stetcher.
16:22 of 3rd period - Stopped by Petr Mrazek with a rebound.
16:24 of 3rd period - Slapshot by Brent Burns.
16:24 of 3rd period - Stopped by Petr Mrazek with a rebound.
16:44 of 3rd period - Brent Burns is hit by Auston Matthews and loses puck.
16:53 of 3rd period - Slapshot by Troy Stetcher.
16:53 of 3rd period - Stopped by Petr Mrazek without a rebound.
16:54 of 3rd period - Erik Haula wins face-off versus Alexander Wennberg in Kings zone.
17:00 of 3rd period - Darnell Nurse is hit by Dougie Hamilton and loses puck.
17:09 of 3rd period - Ryan Murray is hit by Nick Ritchie and loses puck.
17:24 of 3rd period - Off-side.
17:25 of 3rd period - Ryan Johansen wins face-off versus Erik Haula in neutral zone.
17:28 of 3rd period - Ole-Kristian Tollefsen is hit by Tyler Toffoli and loses puck.
19:20 of 3rd period - Jets, Jacob Markstrom is pulled from the net.
19:28 of 3rd period - Wrist shot by Alex Galchenyuk.
19:28 of 3rd period - Stopped by Petr Mrazek with a rebound.
19:44 of 3rd period - Snap shot by Jeremy Morin.
19:44 of 3rd period - Shot Blocked by Ryan Murray.
Goals for this period are 1 for Kings vs 0 for Jets.
Shots for this period are 9 for Kings vs 13 for Jets.
Output by the SimonT Hockey Simulator (STHS) for Francois Prevost